 Dungeon Crawl Stone Soup version 0.31-a0-145-g046c7d2549 (webtiles) character file.

Game seed: 14350997185937490093

420 mopl the Slasher (level 6, 0/35 HPs)
             Began as a Tengu Warper on June 5, 2023.
             Slain by a hound (2 damage)
             ... on level 4 of the Dungeon.
             The game lasted 00:04:16 (2782 turns).

mopl the Slasher (Tengu Warper)                     Turns: 2782, Time: 00:04:17

Health: 0/35       AC:  5    Str: 10    XL:     6   Next: 94%
Magic:  11/11      EV: 12    Int: 14    God:
Gold:   194        SH:  0    Dex: 13    Spells: 4/11 levels left

rFire   + . .        v - +12 spear of the Spectre {venom, rN+ rCorr Str-3}
rCold   + . .        (no shield)
rNeg    + . .        e - +0 ring mail
rPois   .            (helmet restricted)
rElec   .            i - scarf {rC+ rF+}
rCorr   +            (no gloves)
SInv    .            (boots unavailable)
Will    .....        (no amulet)
Stlth   +            (no ring)
HPRegen 0.25/turn    (no ring)
MPRegen 0.12/turn

%: no passive effects
@: flying quickly and evasively, quick
A: beak, talons 3, nimble flight
a: no special abilities


You were on level 4 of the Dungeon.
You visited 1 branch of the dungeon, and saw 4 of its levels.

You collected 194 gold pieces.

Inventory:

Hand Weapons
 a - a +0 falchion
 b - a +4 dagger
 v - the +12 spear of the Spectre (weapon) {venom, rN+ rCorr Str-3}
   (You found it on level 4 of the Dungeon)

   Str:       It affects your strength (-3).
   rN:        It protects you from negative energy.
   rCorr:     It protects you from acid and corrosion.
Missiles
 d - 7 boomerangs of dispersal
 t - 9 poisoned darts (quivered)
Armour
 e - a +0 ring mail (worn)
 i - a scarf of resistance (worn)
 s - a +0 kite shield
Jewellery
 p - an amulet of faith {!P}
Scrolls
 c - a scroll of blinking
 f - a scroll of amnesia {unknown}
 g - 3 scrolls of identify
 h - a scroll of butterflies {unknown}
 l - a scroll of fog {unknown}
 o - a scroll of brand weapon {unknown}
 q - a scroll of magic mapping {unknown}
 r - a scroll of teleportation {unknown}
 u - a scroll of immolation {unknown}
Potions
 j - 2 potions of enlightenment
 k - 3 potions of heal wounds
 m - a potion of lignification {!q}
 n - 4 potions of curing


   Skills:
 - Level 2.0 Fighting
 * Level 5.0 Long Blades
 - Level 1.0 Throwing
 - Level 1.1 Armour
 - Level 2.1 Dodging
 + Level 3.2 Spellcasting
 * Level 4.2 Translocations
 + Level 2.4 Air Magic


You had 4 spell levels left.
You knew the following spells:

 Your Spells              Type           Power      Damage    Failure   Level
a - Vhi's Electric Charg  Tloc/Air       22%        N/A       38%         3
b - Lesser Beckoning      Tloc           28%        N/A       14%         2
e - Blink                 Tloc           28%        N/A       14%         2

Your spell library contained the following spells:

 Spells                   Type           Power      Damage    Failure   Level
 Teleport Other           Tloc           14%        N/A       28%         3
 Magic Dart               Conj           8%         1d3       47%         1
 Call Imp                 Summ           4%         N/A       63%         2
 Manifold Assault         Tloc           14%        N/A       67%         4
 Mephitic Cloud           Conj/Pois/Air  4%         N/A       75%         3


Dungeon Overview and Level Annotations

Branches:
Dungeon (4/15)
 Temple: D:4-7

Altars:
Vehumet
Zin

Shops:
D:3 (

Annotations:
D:2 Sigmund
D:3 2 runed translucent doors, bmj180's ghost, amateur MfIE


Innate Abilities, Weirdness & Mutations

You have a beak for a mouth.
You have claws for feet.
Your magical nature lets you fly swiftly and evasively.


Message History

No target in view!
You see here a ball python corpse.
There is an open door here.
You reach down and open the door.
There is an open door here.
A gnoll comes into view. It is wielding a +0 halberd.
The gnoll shouts!
You hear a shout!
You hear a bark!
A hound comes into view.
A gnoll comes into view. It is wielding a +0 halberd.
The gnoll shouts!
The gnoll hits you but does no damage.
You reach to attack!
You puncture the gnoll!
The gnoll is poisoned.
The gnoll is severely wounded.
You kill the gnoll!
The gnoll hits you from afar with a +0 halberd.
You reach to attack!
You closely miss the hound. The gnoll closely misses you.
The hound barely misses you.
The gnoll hits you from afar with a +0 halberd!
A gnoll comes into view. It is wielding a +0 halberd.
You hit the hound.
The hound is poisoned.
The hound is lightly wounded.
The hound barely misses you. The hound bites you.
The gnoll hits you from afar with a +0 halberd.
You completely miss the hound.
The hound is lightly wounded.
The hound bites you but does no damage.
The gnoll hits you from afar with a +0 halberd!
* * * LOW HITPOINT WARNING * * *
You are too injured to fight recklessly!
The hound misses you. The hound attacks as you move away!
The hound bites you but does no damage. The hound bites you.
* * * LOW HITPOINT WARNING * * *
There is an open door here.
You barely miss the hound. Your punch misses the hound.
The hound is almost dead.
The hound bites you.
* * * LOW HITPOINT WARNING * * *
The hound bites you.
You die...

.........................>.
...........................
.......#............#......
.......#............#......
.......#...................
.................#.........
..##[......#######.........
#.......'...# ####....#.
#......@###.# #....#.
#.......h.#.######.####.
#.......#g#........# #.
#.......#.#############.
#########....#....).....
#...##...######.
..g..).........# #.
.......P.P.PP..# #.
.##+##.P~~~~P.## #.


You could see a hound (poisoned) and a gnoll.

Vanquished Creatures
  4 killer bees (D:4)
  A hound (D:4)
  A gnoll bouda (D:3)
  An orc priest (D:3)
  6 gnolls
  3 adders
  A worm (D:2)
  A dart slug (D:1)
  4 orcs (D:3)
  4 endoplasms
  3 giant cockroaches
  3 goblins
  5 hobgoblins
  7 quokkas
  8 ball pythons
  6 bats
  A frilled lizard (D:1)
  8 kobolds
  A rat (D:1)
68 creatures vanquished.

Notes
Turn   | Place    | Note
-------+----------+-------------------------------------------
     0 | D:1      | mopl the Tengu Warper began the quest for the Orb.
     0 | D:1      | Reached XP level 1. HP: 12/12 MP: 4/4
    92 | D:1      | Reached XP level 2. HP: 17/17 MP: 6/6
   107 | D:1      | Learned a level 2 spell: Blink
   110 | D:1      | Learned a level 2 spell: Lesser Beckoning
   276 | D:1      | Reached XP level 3. HP: 20/21 MP: 7/7
   402 | D:1      | Reached skill level 3 in Long Blades
   711 | D:2      | Reached skill level 3 in Translocations
   722 | D:2      | Noticed Sigmund
   920 | D:3      | Found a large runed translucent door.
   921 | D:3      | Found a large runed translucent door.
   922 | D:3      | Noticed bmj180's ghost (amateur MfIE)
  1089 | D:3      | Found Yluachis's Antique Weapon Shoppe.
  1115 | D:3      | Reached XP level 4. HP: 19/26 MP: 5/8
  1281 | D:3      | Learned a level 3 spell: Vhi's Electric Charge
  1405 | D:3      | Found a glowing silver altar of Zin.
  1440 | D:3      | Found a radiant altar of Vehumet.
  1631 | D:3      | Gained mutation: Your magical nature lets you fly swiftly
                  | and evasively. [Tengu growth]
  1631 | D:3      | Reached XP level 5. HP: 24/30 MP: 10/10
  1823 | D:3      | Reached skill level 4 in Long Blades
  1823 | D:3      | Reached skill level 1 in Air Magic
  2237 | D:4      | Identified the +12 spear of the Spectre {venom, rN+ rCorr
                  | Str-3}
  2270 | D:4      | Reached skill level 3 in Spellcasting
  2270 | D:4      | Reached XP level 6. HP: 35/35 MP: 11/11
  2291 | D:4      | Reached skill level 4 in Translocations
  2291 | D:4      | Reached skill level 2 in Air Magic
  2308 | D:4      | Reached skill level 5 in Long Blades
  2782 | D:4      | Slain by a hound

Illustrated notes

Levels and vault maps discovered:
D:1:      lightli_arrival_lavapool, layout_basic
D:2:      layout_basic, serial_glass, glass_columns_a, glass_columns_b,
          glass_columns_b, glass_columns_a, glass_columns_a, bh_walls_and_bars,
          uniq_sigmund, uniq_jessica
D:3:      layout_basic, mainiacjoe_overflow_small_starburst, zin_statuary,
          serial_shops, nicolae_shop_competitors_out_of_business,
          ebering_ghost_disaster_area
D:4:      layout_basic, dreamdust_gnoll_farm

Skill      XL: |  1  2  3  4  5  6 |
---------------+-------------------+-----
Long Blades    | 3 4 5 |  5.0
Translocations | 3 4 |  4.2
Air Magic      | 1 2 |  2.4
Spellcasting   | 3 |  3.2
Fighting       | |  2.0
Throwing       | |  1.0
Armour         | |  1.1
Dodging        | |  2.1

Action                     |  1- 3 |  4- 6 || total
---------------------------+-------+-------++-------
  Melee: Falchion          |   107 |    67 ||   174
         Kick              |    23 |    23 ||    46
         Peck              |    15 |    11 ||    26
         Spear             |       |    21 ||    21
  Throw: Dart              |       |     3 ||     3
   Cast: Blink             |     1 |       ||     1
    Use: Potion            |     1 |       ||     1
         Scroll            |       |     3 ||     3
 Armour: Ring mail         |    42 |    24 ||    66
  Dodge: Dodged            |    69 |    58 ||   127

Table legend: (Time is in decaauts)
 A = Elapsed time spent in this place.
 B = Non-inter-level travel time spent in this place.
 C = Inter-level travel time spent in this place.
 D = Time resting spent in this place.
 E = Time spent auto-exploring this place.
 F = Levels seen in this place.
 G = Mean time per level.
                   A        B        C        D        E       F      G
               +--------+--------+--------+--------+--------+-----+--------+
         Total |   2757 |   2693 |     64 |    607 |   1496 |   4 |  689.2 |
       Dungeon |   2757 |   2693 |     64 |    607 |   1496 |   4 |  689.2 |
               +--------+--------+--------+--------+--------+-----+--------+

Top non-repeatable levels by time:
     D:3: 1128 daAuts
     D:4: 710 daAuts
     D:1: 665 daAuts
     D:2: 253 daAuts
